 Dungeon Crawl Stone Soup version 0.29-a0-356-g7bc237e783 (webtiles) character file.

Game seed: 17051333953488702530

199010 spaghetti the Spry (level 18, -2/160 HPs)
             Began as a Vine Stalker Berserker on Apr 26, 2022.
             Was a High Priest of Trog.
             Killed from afar by a starcursed mass (11 damage)
             ... with an accursed screaming
             ... while paralysed by accursed screaming
             ... on level 4 of the Abyss on Apr 27, 2022.
             The game lasted 01:10:54 (28421 turns).

spaghetti the Spry (Vine Stalker Berserker)        Turns: 28421, Time: 01:10:55

Health: -2/160     AC: 30    Str: 26    XL:     18   Next: 46%
Magic:  0/19       EV:  2    Int: 11    God:    Trog [*****.]
Gold:   2971       SH:  0    Dex: 34    Spells: 17/17 levels left

rFire   . . .      SeeInvis .   E - +7 double sword (vorpal) {longrare=g}
rCold   + + .      Faith    .   W - +1 buckler {rC+}
rNeg    . . .      Spirit   +   Q - +0 chain mail of Soft Amelioration {Rampage rPois Will- Regen+, @e2}
rPois   +          Reflect  .   L - +2 helmet
rElec   .          Harm     .   H - +1 cloak of the Mackerel {Dex+5}
rCorr   .          Rampage  +   T - +2 pair of gloves of the Distant Future {Int+4}
Will    +++..                   U - +0 pair of boots "Trusted Companion" {rF- Regen+ Dex+4}
Stlth   ..........              c - amulet of regeneration {@e2}
HPRegen 4.56/turn               w - +4 ring of protection
MPRegen 0.16/turn               x - ring "Tifog" {Contam rF+ Str+2 Dex+7}

@: paralysed, berserking, about to teleport, strong-willed, regenerating,
studying Slings
A: fangs 3, regeneration 1, magic shield, antimagic bite, no potion heal 2,
iridescent scales 1, cold resistance 1, wild magic 1, MP-powered wands
}: 1/15 runes: serpentine
a: Renounce Religion, Berserk, Trog's Hand, Brothers in Arms


You were on level 4 of the Abyss.
You worshipped Trog.
Trog was extremely pleased with you.
You visited 5 branches of the dungeon, and saw 29 of its levels.
You visited the Abyss 1 time.
You also visited: Ice Cave.

You collected 3743 gold pieces.
You spent 772 gold pieces at shops.


Innate Abilities, Weirdness & Mutations

You have razor-sharp teeth.
Your natural rate of healing is unusually fast.
When hurt, damage is shared between your health and your magic reserves.
Your bite disrupts and absorbs the magic of your enemies.
Potions cannot restore your health.
You are partially covered in iridescent scales. (AC +2)
Your flesh is cold resistant. (rC+)
Your spells are a little harder to cast, but a little more powerful.
You expend magic power (3 MP) to strengthen your wands.


   Skills:
 * Level 16.4 Fighting
 - Level 16.0 Long Blades
 - Level 3.4 Polearms
 - Level 4.0 Throwing
 + Level 13.2 Armour
 + Level 16.6 Dodging


You had 17 spell levels left.
You didn't know any spells.
Your spell library contained the following spells:

 Spells                   Type           Power      Damage    Failure   Level
 Beastly Appendage        Tmut           0%         N/A       94%         1
 Shock                    Conj/Air       0%         1d3       94%         1
 Slow                     Hex            0%         N/A       94%         1
 Ensorcelled Hibernation  Hex/Ice        0%         N/A       98%         2
 Passwall                 Tmut/Erth      0%         N/A       98%         2
 Wereblood                Tmut           0%         N/A       98%         2
 Confusing Touch          Hex            0%         N/A       100%        3
 Gell's Gravitas          Tloc           0%         N/A       100%        3
 Lesser Beckoning         Tloc           0%         N/A       100%        3
 Ozocubu's Armour         Ice            0%         N/A       100%        3
 Spider Form              Tmut/Pois      0%         N/A       100%        3
 Summon Guardian Golem    Hex/Summ       0%         N/A       100%        3
 Swiftness                Air            0%         N/A       100%        3
 Teleport Other           Tloc           0%         N/A       100%        3
 Vampiric Draining        Necr           0%         2d6       100%        3
 Airstrike                Air            0%         N/A       100%        4
 Animate Armour           Summ/Erth      0%         N/A       100%        4
 Summon Ice Beast         Ice/Summ       0%         N/A       100%        4
 Blade Hands              Tmut           0%         N/A       100%        5
 Summon Mana Viper        Hex/Summ       0%         N/A       100%        5
 Iron Shot                Conj/Erth      0%         9d1       100%        6
 Monstrous Menagerie      Summ           0%         N/A       100%        7
 Orb of Destruction       Conj           0%         9d5       100%        7
 Ozocubu's Refrigeration  Ice            0%         4d5       100%        7
 Spellforged Servitor     Conj/Summ      0%         N/A       100%        7

Inventory:

Hand Weapons
 q - a +2 long sword of distortion {!wlong}
   (You found it on level 3 of the Dungeon)
 E - a +7 vorpal double sword (weapon) {longrare=g}
   (Trog gifted it to you on level 2 of the Orcish Mines)
Missiles
 g - 618 stones (quivered) {throwing}
 B - 6 curare-tipped darts {=fthrowing}
 S - 5 datura-tipped darts {throwing}
 Y - 15 javelins {throwing}
 Z - 5 poisoned darts {throwing}
Armour
 H - the +1 cloak of the Mackerel (worn) {Dex+5}
   (You found it on level 7 of the Dungeon)

   Dex:       It affects your dexterity (+5).
 L - a +2 helmet (worn)
   (You found it on level 8 of the Dungeon)
 Q - the +0 chain mail of Soft Amelioration (worn) {Rampage rPois Will- Regen+, @e2}
   (You found it on level 15 of the Dungeon)

   rPois:     It protects you from poison.
   Regen:     It increases your rate of health regeneration.
   Rampage:   It bestows one free step when moving towards enemies.
   Will:      It decreases your willpower.
 T - the +2 pair of gloves of the Distant Future (worn) {Int+4}
   (You found it on level 12 of the Dungeon)

   Int:       It affects your intelligence (+4).
 U - the +0 pair of boots "Trusted Companion" (worn) {rF- Regen+ Dex+4}
   (You acquired it on level 3 of the Lair of Beasts)

   Dex:       It affects your dexterity (+4).
   rF:        It makes you vulnerable to fire.
   Regen:     It increases your rate of health regeneration.
 W - a +1 buckler of cold resistance (worn)
   (You found it in an ice cave)
Jewellery
 c - an amulet of regeneration (around neck) {@e2}
   (You found it on level 1 of the Dungeon)
 w - a +4 ring of protection (left hand)
   (You bought it in a shop on level 2 of the Orcish Mines)
 x - the ring "Tifog" (right hand) {Contam rF+ Str+2 Dex+7}
   (You acquired it on level 2 of the Lair of Beasts)

   [ring of protection from fire]

   Str:       It affects your strength (+2).
   Dex:       It affects your dexterity (+7).
   rF:        It protects you from fire.
   Contam:    It causes magical contamination when unequipped.
 K - a ring of poison resistance
   (You found it on level 8 of the Dungeon)
 X - a ring of flight
   (You found it on level 6 of the Lair of Beasts)
Wands
 j - a wand of charming (7)
   (You found it on level 9 of the Dungeon)
 p - a wand of flame (97)
   (You took it off Robin on level 3 of the Dungeon)
 u - a wand of digging (7)
   (You took it off Ijyb on level 3 of the Dungeon)
 z - a wand of acid (3)
   (You found it on level 5 of the Dungeon)
 I - a wand of mindburst (20)
   (You found it on level 7 of the Dungeon)
 O - a wand of iceblast (9)
   (You found it on level 11 of the Dungeon)
 R - a wand of paralysis (4)
   (You found it in an ice cave)
 V - a wand of polymorph (26)
   (You found it on level 6 of the Lair of Beasts)
Scrolls
 a - a scroll of torment {!r}
 d - 5 scrolls of fog
 f - 6 scrolls of magic mapping {!r}
 l - 5 scrolls of fear
 m - 7 scrolls of teleportation {@r4}
 n - 3 scrolls of enchant armour
 o - 5 scrolls of identify {@r1}
 r - 4 scrolls of holy word
 y - 7 scrolls of immolation {!r!r}
 F - a scroll of summoning
Potions
 e - 15 potions of curing {@q1}
 h - 3 potions of berserk rage {!q}
 i - 9 potions of lignification {!q}
 k - 14 potions of might
 s - 4 potions of invisibility
 t - a potion of cancellation
 v - 6 potions of haste {@q3}
 A - 5 potions of attraction {!q}
 C - 2 potions of ambrosia
 G - 4 potions of flight
 J - a potion of resistance
 M - 2 potions of magic
 P - a potion of mutation {!q}
Miscellaneous
 N - a tin of tremorstones (2/2) {throwing}
   (You found it on level 10 of the Dungeon)

Dungeon Overview and Level Annotations

Branches:
Dungeon (15/15)            Temple (0/1) D:5            Lair (6/6) D:11
  Swamp (0/4) Lair:3        Snake (4/4) Lair:2        Slime (0/5) Lair:6
    Orc (2/2) D:10            Elf (2/3) Orc:2        Vaults (0/5) D:14
 Depths (0/4) D:15          IceCv (visited)

Altars:
Ashenzari
Kikubaaqudgha
Trog
Vehumet
Yredelemnul
Beogh

Shops:
D:6 *   D:9 *   D:15 (   Orc:1 :   Orc:2 :=(?[   Snake:1 *

Annotations:
D:1 1 runed translucent door
D:13 1 exclusion
D:14 3 runed translucent doors, Ireuh's ghost, journeyman TrMo
D:15 1 exclusion
Lair:6 2 exclusions
Snake:1 1 exclusion
Snake:2 1 exclusion
Orc:1 2 transporters
Elf:2 1 exclusion
Abyss:1 Donald; Dowan; Kirke; Nergalle; turdburglar's ghost, journeyman HuAr

.# . # ## . .
# # ..# # # .
## . . . ###
.. #.# .# #..
#.# .#.## .##
##
##..#.##.#...
. .. #
....#§.D##.§.
....#
#..####Z.....#
. ##### .
#.#x*@vXX# .
.##.
##WhhhX..# ..
#.. .
###§X.X### #
.# ..##.


##XhXX. # . # ##. #..#X3.. . .#. #.†# #*...#§.# ##.. . #.. ....###.. . ... .
....#.. .# # .# #### You could see 9 starcursed masses, 2 wretched stars, 2 hell
hogs, a will-o-the-wisp (distracted, ally target), a smoke demon, 2 raiju, a
titan simulacrum, a friendly bone dragon (summoned), a friendly freezing wraith
(summoned) and a friendly small abomination (summoned).


Message History

You collide with the will-o-the-wisp!
The titan simulacrum hits you but does no damage.
A smoke demon comes into view. 😨 HP[-16] MP[-2]
You take 16 damage, and now have 43/107 hp.
You lost 2 mp, and now have 7/19 mp.
Unknown command.
Your troll goes berserk!
The hell hog closely misses you. The hell hog barely misses you.
The will-o-the-wisp gestures.
The raiju barely misses you.
A deafening chorus of shrieks assaults your mind!
* * * LOW HITPOINT WARNING * * *
You suddenly lose the ability to move!
You can move again. 😨 HP[-3] MP[-1]
You take 3 damage, and now have 40/107 hp.
You lost 1 mp, and now have 6/19 mp.
Unknown command.
As you read the scroll of summoning, it crumbles to dust.
Wisps of shadow whirl around you...
The foxfire hits your bone dragon but does no damage.
The foxfire hits your bone dragon.
Your bone dragon resists.
The hell hog completely misses you.
The hell hog bites you but does no damage.
Your troll bites the wretched star!
Your troll closely misses the wretched star.
Your troll claws the wretched star!
A deafening chorus of shrieks assaults your mind!
* * * LOW HITPOINT WARNING * * *
You shrug off the repeated paralysis!
The raiju bites you but does no damage. The will-o-the-wisp barely misses you.
The hell hog bites you!
* * * LOW HITPOINT WARNING * * *
You block the hell hog's attack. 😱 HP[-15] MP[-3]
You take 15 damage, and now have 25/107 hp.
You lost 3 mp, and now have 3/19 mp.
As you read the scroll of teleportation {@r4}, it crumbles to dust.
You feel strangely unstable.
You feel the power of the Abyss delaying your translocation!
You hear a shout!
The hell hog completely misses you. x2
A wretched star comes into view.
A starcursed mass splits.
You block the will-o-the-wisp's attack. The raiju misses you.
A cacophony of accursed wailing tears at your sanity!
* * * LOW HITPOINT WARNING * * *
Your small abomination completely misses the raiju.
You hear a shout!
Your freezing wraith hits the wretched star but does no damage.
Your freezing wraith barely misses the wretched star.
Your bone dragon bites the starcursed mass but does no damage.
Your bone dragon claws the starcursed mass but does no damage.
Your bone dragon tramples the starcursed mass!
The starcursed mass holds its ground!
The starcursed mass shudders and withdraws towards its neighbour.
The starcursed mass shudders and withdraws towards its neighbour.
The starcursed mass shudders and withdraws towards its neighbour.
The starcursed mass shudders and withdraws towards its neighbour.
The starcursed mass shudders and withdraws towards its neighbour.
The starcursed mass shudders and withdraws towards its neighbour.
The starcursed mass shudders and withdraws towards its neighbour.
You hear a shout! 😱 HP[-4]
You take 4 damage, and now have 21/107 hp.
Unknown command.
Unknown command.
Unknown command.
A red film seems to cover your vision as you go berserk!
You feel yourself moving faster!
You feel mighty!
The foxfire hits you but does no damage.
The hell hog bites you.
* * * LOW HITPOINT WARNING * * *
The hell hog misses you. The raiju misses you.
The will-o-the-wisp engulfs you but does no damage.
The wretched star glows turbulently.
The lance of force hits you!
* * * LOW HITPOINT WARNING * * *
You are knocked back by the lance of force.
You collide with the will-o-the-wisp!
* * * LOW HITPOINT WARNING * * *
A starcursed mass splits.
Your freezing wraith hits the wretched star!
Your freezing wraith freezes the wretched star.
The wretched star resists.
Your freezing wraith hits the wretched star!
Your freezing wraith drains the wretched star's vigour!
The wretched star seems to slow down.
Your bone dragon bites the titan simulacrum!!
Your bone dragon claws the titan simulacrum but does no damage.
Your bone dragon tramples the titan simulacrum!
The titan simulacrum holds its ground!
The hell hog misses you.
Your small abomination hits the raiju!
A cacophony of accursed wailing tears at your sanity!
* * * LOW HITPOINT WARNING * * *
You suddenly lose the ability to move!
The hell hog bites you but does no damage.
A cacophony of accursed wailing tears at your sanity!
You die...

Skill      XL: |  1  2  3  4  5  6  7  8  9 10 11 12 13 14 15 16 17 18 |
---------------+-------------------------------------------------------+-----
Armour         | 2 3 4 5 6 7 8 9 10 12 13 | 13.2
Fighting       | 3 4 5 6 7 9 10 12 13 14 15 16 | 16.4
Polearms       | 3 |  3.4
Dodging        | 2 3 4 5 7 8 10 11 12 16 | 16.6
Long Blades    | 1 2 3 4 5 6 7 8 9 10 11 16 | 16.0
Throwing       | 1 2 3 4 |  4.0

Action                   |  1- 3 |  4- 6 |  7- 9 | 10-12 | 13-15 | 16-18 || total
-------------------------+-------+-------+-------+-------+-------+-------++-------
Melee: Spear             |    80 |    50 |       |       |       |       ||   130
       Bite              |    12 |    22 |    59 |   139 |   439 |   459 ||  1130
       Long sword        |       |    60 |   264 |   372 |  1044 |   992 ||  2732
       Punch             |       |     2 |     4 |     1 |       |       ||     7
       Double sword      |       |       |       |       |       |    50 ||    50
 Fire: Hunting sling     |    23 |     1 |       |       |       |       ||    24
Throw: Stone             |     7 |    43 |    19 |   139 |   197 |   160 ||   565
       Javelin           |       |       |       |       |     1 |       ||     1
Invok: Berserk           |     3 |     5 |     7 |     9 |    12 |     7 ||    43
       Trog's Hand       |       |       |     6 |     4 |    17 |    10 ||    37
       Brothers in Arms  |       |       |       |     1 |     5 |     6 ||    12
  Use: Scroll            |       |       |     9 |    11 |     8 |    17 ||    45
       Potion            |       |       |     1 |     1 |       |       ||     2
 Stab: Sleeping          |       |     1 |       |       |       |       ||     1
       Petrified         |       |       |       |     4 |       |       ||     4
       Petrifying        |       |       |       |     1 |       |       ||     1
       Distracted        |       |       |       |       |       |     1 ||     1
Armor: Animal skin       |    19 |    12 |       |       |       |       ||    31
       Plate armour      |       |     3 |   293 |   249 |   572 |    89 ||  1206
       Robe              |       |       |     3 |       |       |       ||     3
       Ring mail         |       |       |       |       |   127 |     4 ||   131
       Chain mail        |       |       |       |       |       |   220 ||   220
Dodge: Dodged            |    61 |    47 |   161 |   255 |  1460 |   942 ||  2926
Block: Buckler           |       |       |       |    55 |   526 |   337 ||   918

Levels and vault maps discovered:
D:1:      dpeg_arrival_caged_fury, layout_rooms
D:2:      layout_basic, dk_vineyard_3
D:3:      layout_loops_ring, nicolae_yredelemnul_corpse_copse,
          gammafunk_ghost_grave, shapermc_ecumenical_altar_mp_urbaneastern,
          minmay_misc_feat_square, uniq_robin, uniq_ijyb, uniq_natasha
D:4:      layout_loops_ring, item_on_display_a, uniq_sigmund
D:5:      layout_basic, minmay_temple_entry_tees, chequers_serial_rivers_small_a
D:6:      layout_rooms, serial_shops, shop
D:7:      layout_rooms, uniq_duvessa
D:8:      layout_basic
D:9:      layout_loops_ring, nicolae_transmutations_shop,
          minmay_misc_feat_nine_boxes, minivault_24
D:10:     nicolae_cairo_tiling, layout_irregular_city
D:11:     layout_small_grid, erik_lair_orcish_takeover, serial_shops,
          kennysheep_mini
D:12:     layout_basic
D:13:     layout_big_octagon, serial_bayou_pond_d, uniq_urug
D:14:     layout_rooms, grunt_vaults_entry_fortified,
          gammafunk_ghost_necromancy, portal_ice_cave_entry_pillars_four,
          minmay_misc_feat_alley, uniq_kirke
D:15:     hangedman_depths_entry_try_elsewhere_first, layout_loops_corners,
          serial_shops, shop, nicolae_ashenzari_skybound, uniq_louise
Lair:1:   layout_hall_layers, grunt_megastairs_1
Lair:2:   layout_chaotic_city, dummy_snake_entry, grunt_megastairs_4
Lair:3:   layout_gridlike, minmay_swamp_entry_swarm, serial_rivers,
          chequers_serial_rivers_small_3, chequers_serial_rivers_small_a,
          chequers_serial_rivers_marsh, chequers_serial_rivers_large_a,
          chequers_serial_rivers_room_b, nicolae_volcano_entry_s_turn,
          kennysheep_catoblepas_arena
Lair:4:   layout_regular_city
Lair:5:   beast_lair_carwin_large_2, layout_loops_ring, lemuel_fruit_fields
Lair:6:   hangedman_lair_tendril_chambers, layout_hall_layers,
          hangedman_lair_caniforms_friends, slime_dummy, serial_bayou_crossing,
          serial_bayou_shore_b
Snake:1:  layout_layer_cave, serial_shops, nicolae_shop_advertising_works
          [nicolae_subvault_shop_adworks], hellmonk_ghost_happy_afterlife
Snake:2:  layout_honeycomb
Snake:3:  layout_gridlike, special_room, grunt_megastairs_2
Snake:4:  snake_pit_salamanders_mu, layout_basic, lemuel_fruit_tree
Orc:1:    gammafunk_beogh_shrine, layout_diamond_mine, serial_shops, shop,
          trog_butcher_becter
Orc:2:    kennysheep_orc_mage_school, layout_caves, serial_shops,
          nicolae_shop_trees
Elf:1:    eino_elf_arrival_sip, layout_onion_city, hangedman_elf_disciples,
          uniq_donald
Elf:2:    elven_hall_of_blades_hangedman_alternative
          [nicolae_blade_entry_sentries_behind_glass], layout_loops_corners,
          uniq_azrael, uniq_jorgrun
Abyss:4:  base: Depths:1, hangedman_decor_lopped

Notes
Turn   | Place    | Note
-------+----------+-------------------------------------------
     0 | D:1      | spaghetti the Vine Stalker Berserker began the quest for
                  | the Orb.
     0 | D:1      | Reached XP level 1. HP: 11/11 MP: 2/2
     0 | D:1      | magus.rc [v1.9.6]
     1 | D:1      | Found a runed translucent door.
   193 | D:1      | HP: 2/11 [kobold/+0 dagger (3)]
   262 | D:1      | Reached XP level 2. HP: 16/16 MP: 3/3
   303 | D:1      | Reached skill level 2 in Armour
   313 | D:1      | magus.rc [v1.9.6]
   635 | D:2      | Reached XP level 3. HP: 19/19 MP: 4/4
   711 | D:2      | HP: 7/28 [ufetubus (5)]
   715 | D:2      | HP: 2/28 [ufetubus (5)]
   892 | D:2      | Reached skill level 3 in Fighting
   896 | D:2      | Reached skill level 3 in Polearms
   986 | D:2      | Reached ** piety under Trog
   996 | D:2      | Reached skill level 2 in Dodging
  1251 | D:2      | Gained mutation: Your natural rate of healing is unusually
                  | fast. [Vine Stalker growth]
  1251 | D:2      | Reached XP level 4. HP: 24/24 MP: 5/5
  1659 | D:3      | Noticed NinjaNoafa's ghost (weakling GnHu)
  1659 | D:3      | Found a runed translucent door.
  1679 | D:3      | Killed NinjaNoafa's ghost
  1680 | D:3      | Reached XP level 5. HP: 28/28 MP: 6/6
  1759 | D:3      | Noticed Robin
  1767 | D:3      | Killed Robin
  1768 | D:3      | Reached skill level 3 in Armour
  2001 | D:3      | Found a basalt altar of Yredelemnul.
  2303 | D:3      | Noticed Natasha
  2307 | D:3      | Killed Natasha
  2326 | D:3      | Found a faded altar of an unknown god.
  2412 | D:3      | Noticed Ijyb
  2426 | D:3      | Killed Ijyb
  2427 | D:3      | Reached XP level 6. HP: 32/32 MP: 5/7
  2988 | D:4      | Noticed Sigmund
  2997 | D:4      | Killed Sigmund
  2998 | D:4      | Reached skill level 1 in Long Blades
  2998 | D:4      | Reached skill level 1 in Throwing
  2998 | D:4      | Reached XP level 7. HP: 37/37 MP: 6/8
  3407 | D:5      | Entered Level 5 of the Dungeon
  3652 | D:5      | Found a staircase to the Ecumenical Temple.
  3664 | D:5      | Reached skill level 4 in Fighting
  3664 | D:5      | Reached skill level 4 in Armour
  3664 | D:5      | Reached skill level 3 in Dodging
  3758 | D:5      | Reached *** piety under Trog
  3878 | D:5      | Reached skill level 2 in Long Blades
  3878 | D:5      | Reached skill level 2 in Throwing
  4039 | D:5      | HP: 8/55 [orc/+0 flail (7)]
  4046 | D:5      | Gained mutation: You have razor-sharp teeth. [Vine Stalker
                  | growth]
  4046 | D:5      | Reached XP level 8. HP: 19/42 MP: 1/9
  4806 | D:6      | Reached skill level 5 in Armour
  4843 | D:6      | Reached skill level 3 in Long Blades
  4877 | D:6      | Reached skill level 3 in Throwing
  4995 | D:6      | Reached skill level 5 in Fighting
  4995 | D:6      | Reached skill level 4 in Dodging
  5089 | D:6      | Found Lisemm's General Store.
  5153 | D:6      | Reached XP level 9. HP: 47/47 MP: 10/10
  5280 | D:6      | Identified the +1 robe of Lilacs {Dex+2}
  5432 | D:7      | Noticed Duvessa
  5440 | D:7      | Killed Duvessa
  5440 | D:7      | Noticed Dowan
  5445 | D:7      | Reached skill level 6 in Armour
  5469 | D:7      | Banished Dowan
  5597 | D:7      | Identified the +1 cloak of the Mackerel {Dex+5}
  5783 | D:7      | Reached skill level 4 in Long Blades
  5901 | D:7      | Reached skill level 4 in Throwing
  6505 | D:8      | Reached **** piety under Trog
  6506 | D:8      | Reached skill level 5 in Dodging
  6772 | D:8      | Noticed a boulder beetle
  6781 | D:8      | HP: 13/72 [boulder beetle (13)]
  6815 | D:8      | Banished a boulder beetle
  6816 | D:8      | Reached skill level 6 in Fighting
  6816 | D:8      | Reached XP level 10. HP: 53/53 MP: 5/11
  7383 | D:9      | Noticed a two-headed ogre
  7394 | D:9      | Killed a two-headed ogre
  7395 | D:9      | Reached skill level 5 in Long Blades
  7395 | D:9      | Reached skill level 6 in Dodging
  7397 | D:9      | Noticed a two-headed ogre
  7409 | D:9      | Killed a two-headed ogre
  7410 | D:9      | Reached skill level 7 in Armour
  7512 | D:9      | Found Udytyinwa's Changing Room.
  7939 | D:9      | Reached skill level 7 in Fighting
  7968 | D:9      | Bought a potion of mutation for 112 gold pieces
  7968 | D:9      | Gained mutation: You expend magic power (3 MP) to
                  | strengthen your wands. [potion of mutation]
  7968 | D:9      | Gained mutation: You are partially covered in iridescent
                  | scales. (AC +2) [potion of mutation]
  7968 | D:9      | Gained mutation: Your spells are a little harder to cast,
                  | but a little more powerful. [potion of mutation]
  8180 | D:10     | Entered Level 10 of the Dungeon
  8180 | D:10     | Found a staircase to the Orcish Mines.
  8275 | D:10     | Noticed a two-headed ogre
  8290 | D:10     | Killed a two-headed ogre
  8299 | D:10     | HP: 19/82 [troll (7)]
  8300 | D:10     | HP: 9/82 [something/puff of flame (6)]
  8301 | D:10     | HP: 4/82 [orc/+0 vorpal mace (2)]
  8303 | D:10     | Reached skill level 7 in Dodging
  8310 | D:10     | HP: 20/82 [something (1)]
  8550 | D:10     | Reached XP level 11. HP: 52/58 MP: 9/12
  9211 | D:11     | Found a staircase to the Lair.
  9230 | D:11     | HP: 11/90 [orc warrior/+0 glaive (12)]
  9236 | D:11     | HP: 11/90 [orc warrior/+0 glaive (2)]
  9241 | D:11     | Reached skill level 8 in Fighting
  9407 | Lair:1   | Entered Level 1 of the Lair of Beasts
  9433 | Lair:1   | Reached skill level 6 in Long Blades
 10391 | Lair:2   | Reached skill level 8 in Dodging
 10529 | Lair:2   | Noticed a seven-headed hydra
 10538 | Lair:2   | Killed a ten-headed hydra
 10539 | Lair:2   | Reached skill level 8 in Armour
 10545 | Lair:2   | Reached skill level 9 in Fighting
 10698 | Lair:2   | Found a staircase to the Snake Pit.
 10902 | Lair:2   | Identified a scroll of acquirement
 10902 | Lair:2   | Acquired the ring "Tifog" {Contam rF+ Str+2 Dex+7}
 10952 | Lair:2   | Reached XP level 12. HP: 66/66 MP: 13/13
 10962 | Lair:2   | Noticed a death yak
 10969 | Lair:2   | Killed a death yak
 10993 | Lair:2   | You fall into a shaft and drop 2 floors!
 11087 | Lair:3   | Reached skill level 7 in Long Blades
 11200 | Lair:3   | Found a staircase to the Swamp.
 11628 | Lair:3   | Found a dark tunnel.
 11681 | Lair:3   | Acquired the +0 pair of boots "Trusted Companion" {rF-
                  | Regen+ Dex+4}
 11937 | Lair:4   | Reached skill level 9 in Dodging
 12732 | Lair:5   | Reached skill level 10 in Fighting
 12872 | Lair:5   | You pick up a book of Debilitation {forbidden} and begin
                  | reading...
 12872 | Lair:5   | You add the spells Slow, Vampiric Draining and Confusing
                  | Touch to your library.
 12961 | Lair:5   | Noticed a death yak
 12983 | Lair:5   | Killed a death yak
 13041 | Lair:5   | Noticed a death yak
 13041 | Lair:5   | Noticed a death yak
 13042 | Lair:5   | Noticed a death yak
 13042 | Lair:5   | Noticed a death yak
 13043 | Lair:5   | Noticed a death yak
 13043 | Lair:5   | Noticed a death yak
 13051 | Lair:5   | Killed a death yak
 13053 | Lair:5   | HP: 24/100 [death yak (8)]
 13064 | Lair:5   | Banished a death yak
 13069 | Lair:5   | Killed a death yak
 13079 | Lair:5   | Killed a death yak
 13085 | Lair:5   | Killed a death yak
 13091 | Lair:5   | Killed a death yak
 13257 | Lair:5   | Noticed a catoblepas
 13257 | Lair:5   | Noticed a death yak
 13258 | Lair:5   | Noticed a death yak
 13266 | Lair:5   | Banished a death yak
 13267 | Lair:5   | Reached skill level 10 in Dodging
 13267 | Lair:5   | Reached XP level 13. HP: 72/72 MP: 14/14
 13275 | Lair:5   | Reached skill level 9 in Armour
 13278 | Lair:5   | Identified the +0 ring mail of Kikubaaqudgha's Whim {+Blink
                  | rC+}
 13537 | Lair:6   | Entered Level 6 of the Lair of Beasts
 13551 | Lair:6   | Reached skill level 11 in Fighting
 13551 | Lair:6   | Reached skill level 8 in Long Blades
 13751 | Lair:6   | Found a staircase to the Slime Pits.
 13803 | Lair:6   | HP: 21/111 [black mamba (11)]
 13838 | Lair:6   | You pick up a book of Beasts {forbidden} and begin
                  | reading...
 13838 | Lair:6   | You add the spells Summon Ice Beast, Summon Mana Viper and
                  | Monstrous Menagerie to your library.
 13994 | Lair:6   | HP: 18/74 [redback (8)]
 14046 | Lair:6   | You pick up a book of Dangerous Friends {forbidden} and
                  | begin reading...
 14046 | Lair:6   | You add the spells Summon Guardian Golem, Orb of
                  | Destruction and Spellforged Servitor to your library.
 14163 | Lair:6   | Reached skill level 11 in Dodging
 14334 | Lair:6   | Reached skill level 12 in Fighting
 14458 | Lair:6   | Reached XP level 14. HP: 66/80 MP: 11/15
 14465 | Lair:6   | Reached ***** piety under Trog
 14536 | Lair:6   | Reached skill level 9 in Long Blades
 14604 | Lair:6   | Identified the +8 plate armour of Baleful Salvation {rElec
                  | SInv}
 15168 | Orc:1    | Entered Level 1 of the Orcish Mines
 15320 | Orc:1    | Found a transporter.
 15323 | Orc:1    | Noticed an orc warlord
 15327 | Orc:1    | Noticed a stone giant
 15337 | Orc:1    | Found a transporter.
 15369 | Orc:1    | Reached skill level 10 in Armour
 15514 | Orc:1    | Found a bloodstained altar of Trog.
 15581 | Orc:1    | Found Tesolaum's Book Emporium.
 15905 | Orc:2    | Entered Level 2 of the Orcish Mines
 15935 | Orc:2    | Found Tinof's Book Boutique.
 16201 | Orc:2    | Found Ymni's Antique Weapon Shop.
 16221 | Orc:2    | Found an ancient bone altar of Kikubaaqudgha.
 16221 | Orc:2    | Noticed Nergalle
 16229 | Orc:2    | Banished Nergalle
 16235 | Orc:2    | Found Lobbeov's Antique Armour Shop.
 16240 | Orc:2    | Noticed Erolcha
 16252 | Orc:2    | Killed Erolcha
 16258 | Orc:2    | Found a radiant altar of Vehumet.
 16293 | Orc:2    | Reached skill level 13 in Fighting
 16293 | Orc:2    | Found Loalumm's Jewellery Boutique.
 16302 | Orc:2    | Found Inut's Magic Scroll Boutique.
 16342 | Orc:2    | Bought a scroll of enchant armour for 90 gold pieces
 16342 | Orc:2    | Bought a scroll of blinking for 90 gold pieces
 16343 | Orc:2    | Bought a scroll of identify for 24 gold pieces
 16343 | Orc:2    | Bought a scroll of identify for 24 gold pieces
 16441 | Orc:2    | Bought a +4 ring of protection for 432 gold pieces
 16559 | D:12     | Identified the +2 pair of gloves of the Distant Future
                  | {Int+4}
 16670 | D:12     | Received a gift from Trog
 16951 | D:12     | You pick up a book of Air {forbidden} and begin reading...
 16951 | D:12     | You add the spells Shock, Swiftness and Airstrike to your
                  | library.
 17160 | D:13     | Reached skill level 12 in Dodging
 17246 | D:13     | Reached XP level 15. HP: 86/86 MP: 16/16
 17304 | D:13     | Noticed Urug
 17313 | D:13     | Killed Urug
 17487 | D:13     | Identified the +5 chain mail of Crawling {+Inv}
 17690 | D:13     | Reached skill level 11 in Armour
 17957 | D:14     | Found a frozen archway.
 17962 | IceCv    | Entered an ice cave
 18036 | IceCv    | Reached skill level 10 in Long Blades
 18296 | IceCv    | Found an ancient bone altar of Kikubaaqudgha.
 18356 | IceCv    | Reached skill level 14 in Fighting
 18404 | IceCv    | You add the spells Ozocubu's Armour and Ozocubu's
                  | Refrigeration to your library.
 18476 | IceCv    | Noticed a lich
 18480 | IceCv    | Gained mutation: Your flesh is cold resistant. (rC+) [a
                  | neqoxec]
 18489 | IceCv    | Killed a lich
 18497 | IceCv    | HP: 27/132 [caustic shrike simulacrum (9)]
 18497 | IceCv    | HP: 11/132 [caustic shrike simulacrum (11)]
 19134 | D:14     | HP: 26/132 [meliai/divine providence (12)]
 19139 | D:14     | HP: 23/132 [poisoned by a meliai]
 19153 | D:14     | Found a runed translucent gate.
 19153 | D:14     | Found a runed translucent gate.
 19153 | D:14     | Found a runed translucent gate.
 19154 | D:14     | Noticed Ireuh's ghost (journeyman TrMo)
 19521 | D:14     | Noticed Kirke
 19531 | D:14     | Banished Kirke
 19637 | D:14     | Reached skill level 12 in Armour
 19704 | D:14     | You pick up a book of Iron {forbidden} and begin reading...
 19704 | D:14     | You add the spells Animate Armour, Blade Hands and Iron
                  | Shot to your library.
 19791 | D:14     | Reached XP level 16. HP: 83/93 MP: 15/17
 19916 | D:14     | Found a gate to the Vaults.
 19978 | D:15     | Entered Level 15 of the Dungeon
 20030 | D:15     | Found Lurapt's Antique Weapon Emporium.
 20252 | D:15     | Identified the +0 chain mail of Soft Amelioration {Rampage
                  | rPois Will- Regen+}
 20423 | D:15     | You pick up a book of Burglary {forbidden} and begin
                  | reading...
 20423 | D:15     | You add the spells Passwall and Ensorcelled Hibernation to
                  | your library.
 20452 | D:15     | Noticed Louise
 20472 | D:15     | Killed Louise
 20475 | D:15     | Acquired 702 gold pieces
 20477 | D:15     | Acquired a manual of Dodging
 20706 | D:15     | Found a broken altar of Ashenzari.
 21045 | D:15     | Found a staircase to the Depths.
 21048 | D:15     | Reached skill level 13 in Dodging
 21304 | Snake:1  | Entered Level 1 of the Snake Pit
 21306 | Snake:1  | Found Koatreoll's General Store.
 21586 | Snake:1  | Found a runed translucent door.
 21604 | Snake:1  | Reached skill level 14 in Dodging
 21608 | Snake:1  | Noticed turdburglar's ghost (journeyman HuAr)
 21620 | Snake:1  | Banished turdburglar's ghost
 21695 | Snake:1  | You pick up a book of Displacement {forbidden} and begin
                  | reading...
 21695 | Snake:1  | You add the spells Lesser Beckoning, Gell's Gravitas and
                  | Teleport Other to your library.
 22093 | Snake:1  | Reached skill level 15 in Dodging
 22573 | Snake:1  | Identified the +4 scale mail of the Serpent {+Inv Int+2
                  | Slay+2}
 22796 | Snake:2  | Received a gift from Trog
 22885 | Snake:2  | Identified the +0 scale mail of Gahoadue {Harm *Corrode
                  | rElec rN++}
 23010 | Snake:2  | Reached skill level 16 in Dodging
 23342 | Snake:2  | Acquired a manual of Long Blades
 23363 | Snake:2  | Reached skill level 11 in Long Blades
 23395 | Snake:2  | Identified the +4 ring mail of Defiance {rPois Dex+2}
 23673 | Snake:3  | HP: 18/93 [naga warrior/+0 battleaxe (12)]
 23678 | Snake:3  | HP: 31/139 [poisoned by a naga warrior (splash of poison)]
 23868 | Snake:3  | Reached XP level 17. HP: 98/98 MP: 18/18
 23895 | Snake:3  | Reached skill level 12 in Long Blades
 24013 | Snake:3  | You pick up a book of Changes {forbidden} and begin
                  | reading...
 24013 | Snake:3  | You add the spells Beastly Appendage, Wereblood and Spider
                  | Form to your library.
 24181 | Snake:3  | Reached skill level 13 in Long Blades
 24263 | Snake:3  | Reached skill level 14 in Long Blades
 24572 | Snake:4  | Entered Level 4 of the Snake Pit
 24784 | Snake:4  | Reached skill level 15 in Long Blades
 24792 | Snake:4  | Identified the +5 ring mail of the Equinox {rPois Int+4
                  | Dex+4 Slay+2}
 24961 | Snake:4  | HP: 31/147 [salamander/+0 spear (14)]
 25150 | Snake:4  | Reached skill level 16 in Long Blades
 25254 | Snake:4  | Reached skill level 15 in Fighting
 25494 | Snake:4  | Got a serpentine rune of Zot
 26419 | Orc:2    | Received a gift from Trog
 26432 | Orc:2    | the +4 double sword {longrare=g} projects an invisible
                  | shield of force!
 26432 | Orc:2    | a +4 double sword of protection {longrare=g}
 26435 | Orc:2    | E - a +4 double sword of protection {longrare=g}
 26464 | Orc:2    | Found a staircase to the Elven Halls.
 26560 | Orc:2    | Reached XP level 18. HP: 88/105 MP: 15/19
 26707 | Elf:1    | Entered Level 1 of the Elven Halls
 26983 | Elf:1    | Reached skill level 13 in Armour
 26986 | Elf:1    | Reached skill level 16 in Fighting
 27057 | Elf:1    | Paralysed by an air elemental for 1 turns
 27059 | Elf:1    | Paralysed by an air elemental for 1 turns
 27129 | Elf:1    | Noticed Donald
 27195 | Elf:1    | Banished Donald
 28047 | Elf:2    | your +4 double sword of protection {longrare=g} emits a
                  | brilliant flash of light!
 28047 | Elf:2    | E - a +4 vorpal double sword {longrare=g}
 28246 | Elf:2    | your +4 vorpal double sword {longrare=g} glows red for a
                  | moment.
 28247 | Elf:2    | your +5 vorpal double sword {longrare=g} glows red for a
                  | moment.
 28248 | Elf:2    | your +6 vorpal double sword {longrare=g} glows red for a
                  | moment.
 28249 | Elf:2    | E - a +7 vorpal double sword (weapon) {longrare=g}
 28249 | Elf:2    | You are cast into the Abyss!
 28249 | Elf:2    | Cast into level 4 of the Abyss (unwielding a weapon of
                  | distortion)
 28417 | Abyss:4  | Paralysed by accursed screaming for 1 turns
 28418 | Abyss:4  | HP: 25/107 [hell hog (6)]
 28420 | Abyss:4  | HP: 5/160 [starcursed mass/accursed screaming (14)]
 28420 | Abyss:4  | Paralysed by accursed screaming for 2 turns
 28421 | Abyss:4  | Killed from afar by a starcursed mass

Vanquished Creatures
  A lich (IceCv)
  2 nagarajas
  2 deep elf sorcerers
  Louise (D:15)
  A very ugly thing (IceCv)
  A dire elephant (D:15)
  A boulder beetle (D:13)
  A great orb of eyes (Abyss:4)
  3 ogre magi
  A salamander tyrant (Snake:4)
  3 centaur warriors
  Erolcha (Orc:2)
  3 vault guards (D:14)
  3 caustic shrike simulacra (IceCv)
  6 hydras
  8 anacondas
  A catoblepas (Lair:5)
  5 naga warriors
  Urug (D:13)
  2 tengu warriors (D:13)
  2 dancing weapons
  5 two-headed ogres
  2 hell hogs (Abyss:4)
  An alligator (Lair:6)
  9 naga sharpshooters
  7 death yaks
  A sun demon (Abyss:4)
  5 shock serpents
  A fire crab (shapeshifter) (D:14)
  7 deep elf knights
  5 salamander mystics
  6 skeletal warriors
  A wretched star (Abyss:4)
  An obsidian statue (IceCv)
  5 naga ritualists
  7 deep elf archers
  3 orc knights
  2 large abominations (Abyss:4)
  A wizard (Elf:1)
  2 lindwurms (Snake:4)
  11 deep elf zephyrmancers
  8 mana vipers
  14 deep elf pyromancers
  A necromancer (IceCv)
  2 spriggan simulacra (IceCv)
  5 orc sorcerers (Orc:2)
  3 wolf spiders
  2 cyclopes
  7 ugly things
  A manticore (D:13)
  10 salamanders
  2 elephants (Lair:2)
  42 black mambas
  15 naga magi
  4 guardian serpents
  A smoke demon (Abyss:4)
  A torpor snail (Lair:2)
  14 cane toads
  4 yaktaurs (D:15)
  2 kobold demonologists
  12 freezing wraiths (IceCv)
  A rime drake (Lair:6)
  4 komodo dragons (Lair:6)
  An anaconda simulacrum (IceCv)
  6 trolls
  3 entropy weaver simulacra (IceCv)
  9 polar bears (Lair:6)
  3 meliai (D:14)
  6 raiju
  2 hornets (Lair:6)
  28 slime creatures
  An air elemental (Elf:1)
  Sigmund (D:4)
  8 starcursed masses (Abyss:4)
  2 dire elephant simulacra (IceCv)
  A shadow (D:10)
  2 ynoxinuls (Abyss:4)
  2 water elementals (Elf:1)
  4 wraiths
  28 yaks
  11 wyverns
  A fire elemental (Elf:2)
  A human (D:14)
  4 basilisks
  7 hogs (D:14)
  2 redbacks (Lair:6)
  10 vampire mosquitoes
  A harpy simulacrum (IceCv)
  9 wargs
  38 nagas
  Duvessa (D:7)
  21 water moccasins
  14 hell hounds (Lair:6)
  An acid dragon (D:9)
  4 hydra simulacra (IceCv)
  3 alligator simulacra (IceCv)
  2 ice beasts
  17 orc warriors
  A sky beast (D:6)
  14 black bears
  5 ogres
  24 wolves
  A centaur (D:12)
  2 kobold brigands
  A necrophage (D:7)
  6 bullfrogs
  5 scorpions
  A deep troll simulacrum (IceCv)
  A small abomination (Abyss:4)
  5 killer bees (D:6)
  The ghost of NinjaNoafa the Archer, a weakling GnHu (D:3)
  7 lindwurm simulacra (IceCv)
  3 howler monkeys
  2 electric eels (Lair:6)
  3 hounds
  21 orc priests
  2 gnoll shamans
  4 iguanas
  Ijyb (D:3)
  26 orc wizards
  Natasha (D:3)
  9 gnolls
  Robin (D:3)
  5 adders
  4 white imps
  3 ufetubi
  3 worms
  A dart slug (D:2)
  76 orcs
  3 endoplasms
  3 giant cockroaches
  9 goblins
  7 hobgoblins
  8 jackals
  15 kobolds
  5 quokkas
  11 ball pythons
  2 ball python zombies (D:3)
  6 bats
  A frilled lizard (D:1)
  A jackal zombie (D:3)
  A quokka zombie (D:3)
  3 rats
  A butterfly (Lair:5)
855 creatures vanquished.

Vanquished Creatures (collateral kills)
  3 anacondas (Snake:4)
  3 shock serpents (Snake:4)
  A deep elf archer (Elf:1)
  A mana viper (Snake:4)
  2 guardian serpents (Snake:4)
  2 black mambas (Snake:4)
  4 freezing wraiths (IceCv)
  A golden dragon simulacrum (IceCv)
  An alligator simulacrum (IceCv)
  An orc wizard (Orc:2)
19 creatures vanquished.

Vanquished Creatures (others)
  An ogre mage (D:14)
  A boggart (Elf:1)
  A howler monkey (D:12)
  An orc wizard (Orc:2)
  12 foxfires (Abyss:4)
  9 fungi
  40 plants
65 creatures vanquished.

Grand Total: 939 creatures vanquished

Table legend:
 A = Non-vault XP
 B = Vault XP
 C = Vault XP percentage of total XP
 D = Non-vault monster count
 E = Vault monster count
 F = Vault count percentage of total count
                 A         B        C        D         E       F
            +---------+---------+-------+---------+---------+-------
      Total |  172133 |  105393 |  38.0 |     644 |     309 |  32.4
            +---------+---------+-------+---------+---------+-------
        D:1 |      32 |       0 |   0.0 |      19 |       0 |   0.0
        D:2 |      86 |       0 |   0.0 |      20 |       0 |   0.0
        D:3 |      59 |     171 |  74.3 |      18 |      18 |  50.0
        D:4 |      74 |     226 |  75.3 |      10 |       1 |   9.1
        D:5 |     774 |       0 |   0.0 |      23 |       0 |   0.0
        D:6 |    1177 |       0 |   0.0 |      22 |       0 |   0.0
        D:7 |     868 |     218 |  20.1 |      28 |       2 |   6.7
        D:8 |    1479 |       0 |   0.0 |      15 |       0 |   0.0
        D:9 |    2405 |       0 |   0.0 |      14 |       0 |   0.0
       D:10 |    1850 |       0 |   0.0 |      16 |       0 |   0.0
       D:11 |     794 |     669 |  45.7 |       3 |      10 |  76.9
       D:12 |    7532 |       0 |   0.0 |      25 |       0 |   0.0
       D:13 |    8674 |     816 |   8.6 |      14 |       1 |   6.7
       D:14 |   10520 |    9095 |  46.4 |      24 |      18 |  42.9
       D:15 |   10696 |    3360 |  23.9 |      28 |       4 |  12.5
     Lair:1 |    2910 |      88 |   2.9 |      11 |       1 |   8.3
     Lair:2 |    4316 |    1625 |  27.4 |      15 |       5 |  25.0
     Lair:3 |     304 |     905 |  74.9 |       3 |       5 |  62.5
     Lair:4 |    3202 |       0 |   0.0 |      12 |       0 |   0.0
     Lair:5 |    6048 |    3892 |  39.2 |      12 |       7 |  36.8
     Lair:6 |    9409 |   19821 |  67.8 |      35 |      89 |  71.8
    Snake:1 |   17193 |     890 |   4.9 |      37 |       1 |   2.6
    Snake:2 |   14822 |       0 |   0.0 |      30 |       0 |   0.0
    Snake:3 |   15109 |    4679 |  23.6 |      35 |       7 |  16.7
    Snake:4 |   18439 |   25162 |  57.7 |      38 |      39 |  50.6
      Orc:1 |    3645 |     335 |   8.4 |      37 |       4 |   9.8
      Orc:2 |    4475 |    7317 |  62.1 |      35 |      33 |  48.5
      Elf:1 |   12477 |    7983 |  39.0 |      21 |      13 |  38.2
      Elf:2 |   12764 |       0 |   0.0 |      21 |       0 |   0.0
    Abyss:4 |       0 |       0 |   N/A |      23 |       0 |   0.0
      IceCv |       0 |   18141 | 100.0 |       0 |      51 | 100.0
            +---------+---------+-------+---------+---------+-------

Illustrated notes

Table legend:
 A = Kills in this place as a percentage of kills in entire the game.
 B = Kills by you in this place as a percentage of kills by you in the entire game.
 C = Kills by friends in this place as a percentage of kills by friends in the entire game.
 D = Other kills in this place as a percentage of other kills in the entire game.
 E = Experience gained in this place as a percentage of experience gained in the entire game.
 F = Experience gained in this place divided by the number of levels of this place that you have seen.
                   A       B       C       D       E      F
               +-------+-------+-------+-------+-------+----------------------
         Total | 100.0 | 100.0 | 100.0 | 100.0 | 100.0 | 8952.5
       Dungeon |  34.9 |  36.9 |   0.0 |  22.5 |  22.2 | 4105.0
          Lair |  20.5 |  21.4 |   0.0 |  15.0 |  18.9 | 8753.3
     Snake Pit |  19.6 |  17.2 |  57.9 |  36.2 |  34.7 | 24073.5
  Orcish Mines |  11.4 |  11.4 |   5.3 |  13.8 |   5.7 | 7886.0
   Elven Halls |   5.8 |   5.4 |   5.3 |  10.0 |  12.0 | 16612.0
         Abyss |   2.4 |   2.7 |   0.0 |   0.0 |   0.0 |   0.0
      Ice Cave |   5.4 |   5.0 |  31.6 |   2.5 |   6.5 | 18141.0
               +-------+-------+-------+-------+-------+----------------------

Table legend: (Time is in decaauts)
 A = Elapsed time spent in this place.
 B = Non-inter-level travel time spent in this place.
 C = Inter-level travel time spent in this place.
 D = Time resting spent in this place.
 E = Time spent auto-exploring this place.
 F = Levels seen in this place.
 G = Mean time per level.
                   A        B        C        D        E       F      G
               +--------+--------+--------+--------+--------+-----+--------+
         Total |  28813 |  27020 |   1793 |   1660 |  19248 |  31 |  929.5 |
       Dungeon |  13683 |  12695 |    988 |    940 |   9360 |  15 |  912.2 |
          Lair |   5860 |   5509 |    351 |    484 |   3892 |   6 |  976.7 |
     Snake Pit |   4725 |   4528 |    197 |    179 |   3123 |   4 | 1181.2 |
  Orcish Mines |   1800 |   1595 |    205 |     10 |   1131 |   2 |  900.0 |
   Elven Halls |   1588 |   1537 |     51 |     14 |   1179 |   2 |  794.0 |
         Abyss |    158 |    158 |      0 |      0 |     66 |   1 |  158.0 |
      Ice Cave |    997 |    997 |      0 |     31 |    496 |   1 |  997.0 |
               +--------+--------+--------+--------+--------+-----+--------+

Top non-repeatable levels by time:
     D:5: 1464 daAuts
  Lair:6: 1458 daAuts
 Snake:1: 1411 daAuts
 Snake:4: 1409 daAuts
  Lair:1: 1239 daAuts
    D:15: 1176 daAuts
     D:2: 1107 daAuts
     D:8: 1061 daAuts
   Elf:1: 1039 daAuts
   IceCv: 997 daAuts
   Orc:2: 990 daAuts
    D:13: 984 daAuts
 Snake:2: 972 daAuts
    D:14: 971 daAuts
     D:3: 932 daAuts
